 Dungeon Crawl Stone Soup version 0.30.1-9-gdf580d7c3d (webtiles) character file.

Game seed: 7020418449452625272

46867 Otello the Severer (level 14, -13/135 HPs)
             Began as a Minotaur Berserker on Oct 14, 2023.
             Was the Champion of Trog.
             Mangled by a skeletal warrior
             ... wielding a +0 trident
              (18 damage)
             ... on level 15 of the Dungeon.
             The game lasted 01:56:43 (13370 turns).

Otello the Severer (Minotaur Berserker)            Turns: 13370, Time: 01:56:43

Health: -13/135    AC: 14    Str: 28    XL:     14   Next: 6%
Magic:  13/13      EV: 18    Int:  3    God:    Trog [******]
Gold:   1657       SH:  0    Dex: 22    Spells: 13/13 levels left

rFire   . . .        F - +7 battleaxe (flame)
rCold   . . .        (shield currently unavailable)
rNeg    . . .        X - +4 ring mail
rPois   .            (helmet restricted)
rElec   .            h - +0 cloak
rCorr   .            j - +0 pair of gloves
SInv    .            (no boots)
Will    +....        f - amulet of regeneration
Stlth   ++           N - +6 ring of strength
HPRegen 1.22/turn    V - +6 ring of dexterity
MPRegen 0.13/turn

%: clarity
@: on berserk cooldown, slowed, very slow
A: horns 2, retaliatory headbutt, agile 1, clarity, weak 1
a: Renounce Religion, Berserk, Trog's Hand, Brothers in Arms


You were on level 15 of the Dungeon.
You worshipped Trog.
Trog was exalted by your worship.
You visited 3 branches of the dungeon, and saw 17 of its levels.
You also visited: Bailey.

You collected 1757 gold pieces.
You spent 100 gold pieces at shops.

Inventory:

Hand Weapons
 v - a +0 sling
 A - a +0 war axe
 F - a +7 battleaxe of flaming (weapon)
 Q - a +0 battleaxe
 S - a +1 heavy flail
 Z - a +2 great mace of flaming
Missiles
 q - 148 stones
 y - 27 boomerangs (quivered)
 B - a throwing net
 J - 14 poisoned darts
 W - 2 curare-tipped darts
Armour
 a - a +2 tower shield
 h - a +0 cloak (worn)
 j - a +0 pair of gloves (worn)
 R - a +0 plate armour
 X - a +4 ring mail (worn)
Jewellery
 b - a ring of fire
 f - an amulet of regeneration (around neck)
 l - a ring of protection from cold
 p - a ring of flight
 t - a ring of ice
 G - a +6 ring of dexterity
 M - a +2 ring of protection
 N - a +6 ring of strength (left hand)
 V - a +6 ring of dexterity (right hand)
Scrolls
 d - 4 scrolls of immolation
 e - 8 scrolls of identify
 k - 3 scrolls of magic mapping
 s - 11 scrolls of teleportation
 u - 5 scrolls of poison
 w - 2 scrolls of brand weapon
 K - 6 scrolls of blinking
 P - 2 scrolls of enchant weapon
 T - 5 scrolls of fear
 Y - a scroll of noise
Potions
 g - 4 potions of mutation
 i - a potion of berserk rage
 n - 6 potions of flight
 x - 4 potions of haste
 z - a potion of curing
 C - 2 potions of might
 D - 2 potions of attraction


   Skills:
 + Level 15.2 Fighting
 + Level 18.2(19.3) Axes
 + Level 11.1(15.9) Maces & Flails
 + Level 0.5 Throwing
 + Level 10.0 Armour
 + Level 9.2 Dodging
 + Level 3.0 Stealth
 + Level 0.2 Evocations


You had 13 spell levels left.
You didn't know any spells.
Your spell library was empty.

Dungeon Overview and Level Annotations

Branches:
Dungeon (15/15)            Temple (1/1) D:5            Lair (1/5) D:8
    Orc (0/2) D:11         Vaults (0/5) D:14         Depths (0/4) D:15
 Bailey (visited)

Altars:
Ashenzari
Cheibriados
Dithmenos
Elyvilon
Fedhas
Gozag
Hepliaklqana
Kikubaaqudgha
Makhleb
Nemelex Xobeh
Okawaru
Qazlal
Ru
Sif Muna
Trog
Uskayaw
Vehumet
Wu Jian
Xom
Yredelemnul
Zin
The Shining One
Lugonu

Shops:
D:2 =   D:5 =(   D:6 :(*(   D:9 [:

Annotations:
D:14 2 runed translucent doors, Merkmiralles's ghost, journeyman MiBe


Innate Abilities, Weirdness & Mutations

You have a pair of horns on your head.
You reflexively headbutt those who attack you in melee.
You are agile. (Dex +4, Str/Int -1)
You possess an exceptional clarity of mind.
You are weak. (Str -2)


Message History

The necromancer binds the souls of nearby monsters.
A skeletal warrior comes into view. It is wielding a +0 trident.
The necromancer gestures wildly while chanting.
The necromancer binds the souls of nearby monsters.
You closely miss the necromancer. Your headbutt misses the necromancer.
You hit the withered plant.
The withered plant begins to crumble.
You burn the withered plant.
The necromancer hits you but does no damage. x2
You slash the necromancer! You burn the necromancer.
You headbutt the necromancer, but do no damage.
The necromancer is heavily wounded.
You slash the withered plant! You burn the withered plant.
The necromancer barely misses you. You furiously retaliate!
You headbutt the necromancer! You slice the necromancer!!
You burn the necromancer!
You kill the necromancer!
Trog accepts your kill.
Trog appreciates your killing of a magic user.
You hit the withered plant. You burn the withered plant.
The withered plant crumbles away.
The skeletal warrior completely misses you.
The skeletal warrior hits you but does no damage.
The skeletal warrior hits you from afar with a +0 trident.
* * * LOW HITPOINT WARNING * * *
The skeletal warrior hits you with a +0 trident!
* * * LOW HITPOINT WARNING * * *
You hit the skeletal warrior but do no damage.
The skeletal warrior hits you but does no damage.
You slice the skeletal warrior!! You burn the skeletal warrior!
You headbutt the skeletal warrior, but do no damage.
The skeletal warrior is heavily damaged.
The skeletal warrior hits you but does no damage.
You closely miss the skeletal warrior. You headbutt the skeletal warrior.
The skeletal warrior is heavily damaged.
The skeletal warrior hits you with a +0 trident!!
* * * LOW HITPOINT WARNING * * *
You slice the skeletal warrior!! You burn the skeletal warrior.
The skeletal warrior is almost destroyed.
The skeletal warrior hits you with a +0 trident!!
You die...

.......>.......# #
.......P....8.# .#
..8...)......P##..#
.8....(....8P.....#
...8......[..P....#
......P..))..####+#..
...P....P............
..........z..).......
.......#..@##.##.....
##.....#...##.# ....
......#...#♣.♣ . .
......###.#♣.♣ .....
#.#♣.♣ #.#♣.♣ #.#♣.♣
+.#♣.♣# #.. #.#8.8#
#!.


You could see a skeletal warrior.

Vanquished Creatures
  Jorgrun (D:15)
  Frances (D:13)
  Agnes (D:14)
  Louise (D:15)
  An orc warlord (Bailey)
  Azrael (D:15)
  A vault guard (D:14)
  A hydra (D:14)
  4 boulder beetles
  4 centaur warriors
  A two-headed ogre (D:12)
  2 tengu warriors
  A vampire mage (D:15)
  A skeletal warrior (D:15)
  A wizard (D:14)
  A deep elf pyromancer (D:14)
  Pikel (D:8)
  6 ugly things
  A tengu zombie (D:15)
  4 necromancers
  A frost giant zombie (D:15)
  4 manticores
  A stone giant zombie (D:15)
  11 cyclopes
  A rime drake (D:8)
  3 kobold demonologists (D:9)
  A yaktaur (D:14)
  An efreet (D:15)
  A tengu conjurer (D:11)
  3 meliai (D:14)
  A polar bear (D:8)
  5 trolls
  2 hornets
  4 slime creatures (D:13)
  Sigmund (D:2)
  16 humans (D:14)
  A water elemental (D:15)
  3 wraiths
  2 wyverns
  3 fire elementals (D:15)
  19 yaks
  3 vampires
  A basilisk (shapeshifter) (D:15)
  4 vampire mosquitoes
  2 hell hounds (D:15)
  A human zombie (D:15)
  2 acid dragons (D:11)
  A swamp worm (shapeshifter) (D:14)
  4 water moccasins
  25 orc warriors
  2 black bears
  2 ice beasts (D:8)
  7 ogres
  2 wolves (D:8)
  6 centaurs
  A lemure (D:8)
  A phantom (D:5)
  3 kobold brigands
  6 bullfrogs
  A gnoll sergeant (D:7)
  A scorpion (D:5)
  14 killer bees
  6 howler monkeys
  2 electric eels
  4 jellies
  7 hounds
  5 orc priests
  A gnoll bouda (D:6)
  An iguana (D:5)
  A sleepcap (D:5)
  Ijyb (D:5)
  Natasha (thrice) (D:3)
  13 orc wizards
  5 adders
  28 gnolls
  A shadow imp (D:6)
  2 white imps (D:7)
  An ufetubus (D:6)
  6 worms
  7 dart slugs
  76 orcs
  15 ball pythons
  7 bats
  9 endoplasms
  3 giant cockroaches
  28 goblins
  17 hobgoblins
  14 jackals
  8 quokkas
  2 frilled lizards
  16 kobolds
  2 rats (D:1)
499 creatures vanquished.

Notes
Turn   | Place    | Note
-------+----------+-------------------------------------------
     0 | D:1      | Otello the Minotaur Berserker began the quest for the Orb.
     0 | D:1      | Reached XP level 1. HP: 19/19 MP: 0/0
   337 | D:1      | Reached XP level 2. HP: 27/27 MP: 1/1
   340 | D:1      | Reached skill level 4 in Axes
   730 | D:1      | Reached XP level 3. HP: 31/31 MP: 2/2
   773 | D:1      | Reached ** piety under Trog
  1462 | D:2      | Reached XP level 4. HP: 40/41 MP: 3/3
  1529 | D:2      | Reached skill level 5 in Axes
  1585 | D:2      | Found Adghyfai's Jewellery Shoppe.
  1872 | D:2      | Noticed Sigmund
  1891 | D:2      | Found a faded altar of an unknown god.
  1912 | D:2      | Killed Sigmund
  1913 | D:2      | Reached skill level 6 in Axes
  1913 | D:2      | Reached XP level 5. HP: 47/47 MP: 4/4
  1913 | D:2      | Reached XP level 6. HP: 55/55 MP: 5/5
  2200 | D:3      | Noticed Natasha
  2204 | D:3      | Killed Natasha
  2296 | D:3      | Noticed Natasha
  2303 | D:3      | Killed Natasha
  2377 | D:3      | Reached skill level 5 in Fighting
  2397 | D:3      | Reached *** piety under Trog
  2476 | D:3      | Noticed Natasha
  2483 | D:3      | Killed Natasha
  3080 | D:3      | Reached skill level 7 in Axes
  3156 | D:3      | Reached XP level 7. HP: 61/61 MP: 6/6
  3761 | D:4      | Reached skill level 8 in Axes
  3876 | D:4      | Reached **** piety under Trog
  4110 | D:4      | Found an opulent altar of Gozag.
  4440 | D:5      | Entered Level 5 of the Dungeon
  4456 | D:5      | Reached skill level 5 in Armour
  4456 | D:5      | Reached XP level 8. HP: 41/70 MP: 7/7
  4457 | D:5      | Found a staircase to the Ecumenical Temple.
  4490 | Temple   | Entered the Ecumenical Temple
  4713 | D:5      | Reached skill level 1 in Stealth
  4748 | D:5      | Reached skill level 9 in Axes
  4873 | D:5      | Found a broken altar of Ashenzari.
  4877 | D:5      | Found a snail-covered altar of Cheibriados.
  4890 | D:5      | Found a glowing golden altar of the Shining One.
  5119 | D:5      | Found Fotwyir's One-of-a-Kind Rings.
  5245 | D:5      | Bought a +2 ring of protection for 100 gold pieces
  5249 | D:5      | Found Lanossy's Weapon Shop.
  5420 | D:5      | Noticed Ijyb
  5427 | D:5      | Killed Ijyb
  5551 | D:6      | Found Iziovvue's Weapon Shop.
  5613 | D:6      | Reached skill level 10 in Axes
  5644 | D:6      | Found Mopino Poho's General Store.
  5670 | D:6      | Found Hozaz's Weapon Emporium.
  5804 | D:6      | Found Isaodghi's Book Shop.
  5970 | D:6      | Found a shimmering blue altar of Sif Muna.
  6083 | D:6      | Found a bloodstained altar of Trog.
  6128 | D:6      | Reached XP level 9. HP: 60/79 MP: 8/8
  6167 | D:6      | Found an ancient bone altar of Kikubaaqudgha.
  6244 | D:7      | Found an ornate altar of the Wu Jian Council.
  6244 | D:7      | Noticed a cyclops
  6252 | D:7      | Killed a cyclops
  6253 | D:7      | Reached skill level 11 in Axes
  6253 | D:7      | Reached skill level 5 in Dodging
  6461 | D:7      | Reached skill level 1 in Maces & Flails
  6468 | D:7      | Found a basalt altar of Yredelemnul.
  6470 | D:7      | Found a shimmering altar of Xom.
  6792 | D:7      | Reached ***** piety under Trog
  7131 | D:8      | Noticed Pikel
  7140 | D:8      | Killed Pikel
  7141 | D:8      | Reached skill level 5 in Maces & Flails
  7141 | D:8      | Reached XP level 10. HP: 87/91 MP: 9/9
  7413 | D:8      | Found a staircase to the Lair.
  7947 | Lair:1   | Entered Level 1 of the Lair of Beasts
  7997 | D:9      | Noticed an orange demon
  7998 | D:9      | Noticed an orange demon
  8012 | D:9      | Reached skill level 10 in Fighting
  8485 | D:9      | Found Ecothasa's Tremendous Tomes.
  8747 | D:9      | Reached XP level 11. HP: 99/99 MP: 10/10
  8814 | D:9      | Found Acedeon's Antique Armour Shoppe.
  9011 | D:9      | Received a gift from Trog
  9173 | D:10     | Entered Level 10 of the Dungeon
  9218 | D:10     | Found a shadowy altar of Dithmenos.
  9227 | D:10     | Found a white marble altar of Elyvilon.
  9262 | D:10     | Found a flagged portal.
  9276 | Bailey   | Entered a bailey
  9339 | Bailey   | Reached skill level 10 in Maces & Flails
  9479 | Bailey   | Noticed an orc warlord
  9488 | Bailey   | Killed an orc warlord
  9692 | D:10     | Found a burning altar of Makhleb.
  9999 | D:11     | Acquired 645 gold pieces
 10068 | D:11     | Reached skill level 12 in Axes
 10069 | D:11     | Received a gift from Trog
 10417 | D:11     | Noticed a tengu warrior
 10424 | D:11     | Killed a tengu warrior
 10547 | D:11     | Reached XP level 12. HP: 112/112 MP: 11/11
 10575 | D:11     | Found a staircase to the Orcish Mines.
 10898 | D:12     | Noticed a centaur warrior
 10913 | D:12     | Killed a centaur warrior
 10914 | D:12     | Reached skill level 13 in Axes
 11112 | D:12     | Noticed a two-headed ogre
 11119 | D:12     | Killed a two-headed ogre
 11131 | D:12     | Reached skill level 14 in Axes
 11404 | D:13     | Noticed a boulder beetle
 11413 | D:13     | Killed a boulder beetle
 11478 | D:13     | Noticed a tengu warrior
 11491 | D:13     | Reached skill level 15 in Axes
 11493 | D:13     | Killed a tengu warrior
 11632 | D:13     | Gained mutation: You possess an exceptional clarity of
                  | mind. [potion of mutation]
 11632 | D:13     | Gained mutation: You are weak. (Str -2) [potion of
                  | mutation]
 11632 | D:13     | Gained mutation: You are agile. (Dex +4, Str/Int -1)
                  | [potion of mutation]
 11716 | D:13     | Noticed Frances
 11725 | D:13     | Noticed a centaur warrior
 11727 | D:13     | Killed Frances
 11735 | D:13     | Killed a centaur warrior
 11998 | D:14     | Reached XP level 13. HP: 118/122 MP: 12/12
 12008 | D:14     | Reached ****** piety under Trog
 12021 | D:14     | Reached skill level 16 in Axes
 12066 | D:14     | Received a gift from Trog
 12301 | D:14     | Found a runed translucent door.
 12305 | D:14     | Noticed a lich
 12306 | D:14     | Noticed a fire giant
 12307 | D:14     | Noticed Merkmiralles's ghost (journeyman MiBe)
 12308 | D:14     | Noticed a sphinx
 12310 | D:14     | Found a runed translucent door.
 12316 | D:14     | Noticed Agnes
 12329 | D:14     | Killed Agnes
 12517 | D:14     | Reached skill level 17 in Axes
 12553 | D:14     | Found a gate to the Vaults.
 12840 | D:15     | Entered Level 15 of the Dungeon
 13044 | D:15     | Noticed Louise
 13059 | D:15     | Killed Louise
 13115 | D:15     | Noticed Jorgrun
 13127 | D:15     | Killed Jorgrun
 13215 | D:15     | Noticed Azrael
 13222 | D:15     | Reached skill level 15 in Fighting
 13227 | D:15     | Killed Azrael
 13319 | D:15     | Found a staircase to the Depths.
 13328 | D:15     | Received a gift from Trog
 13336 | D:15     | Reached skill level 18 in Axes
 13347 | D:15     | Reached XP level 14. HP: 17/135 MP: 13/13
 13351 | D:15     | Reached skill level 10 in Armour
 13369 | D:15     | HP: 3/135 [skeletal warrior/+0 trident (20)]
 13370 | D:15     | Mangled by a skeletal warrior

Illustrated notes

Levels and vault maps discovered:
D:1:      minmay_arrival_widening_spiral_narrow, layout_rooms
D:2:      wad_woods_pond, layout_basic, serial_shops, shop,
          basic_ecumenical_altar, uniq_sigmund
D:3:      lemuel_castle_with_subvaults [lemuel_castle_interior_carwin_3],
          layout_basic, uniq_natasha
D:4:      layout_loops_cross, mainiacjoe_overflow_alcove_2,
          nicolae_concentric_dashed_squares_wild
D:5:      layout_cave_pods, minmay_overflow_temple_star_quad,
          minmay_temple_entry_water_ring, serial_shops, shop,
          chequers_serial_rivers_small_3, nicolae_shop_unique_rings,
          nicolae_wormholes, uniq_ijyb
D:6:      layout_basic, nzn_overflow_gifts_of_might_and_magic,
          mainiacjoe_overflow_catwalk, serial_shops, nicolae_square_shop, shop,
          shop, nicolae_shop_trees
D:7:      minmay_clustersquares, layout_rooms, nicolae_wu_jian_wuxing_cycle,
          nicolae_overflow_squiral, chequers_serial_rivers_large_a,
          due_unseen_surprise
D:8:      layout_loops_corners, hellmonk_lair_entry_icy, uniq_pikel
D:9:      layout_layer_cave, nicolae_shop_i_like_big_books,
          nicolae_wooded_promenade
D:10:     layout_rooms, lemuel_doored_altar, grunt_dithmenos_smoke,
          mainiacjoe_overflow_chevrons, enter_bailey_5
D:11:     layout_roguey [special_room_orc], erik_orc_3
D:12:     layout_rooms
D:13:     layout_small_grid, uniq_frances
D:14:     layout_loops_cross, grunt_vaults_entry_tiered, special_room
          [special_room_orc], muffindrake_ghost_dual_entry, serial_bayou,
          serial_bayou_ford_a, serial_bayou_shore_b, serial_bayou_shore_b,
          uniq_agnes
D:15:     gammafunk_depths_entry_grave, layout_stronghold,
          dreamdust_princess_corridor, minivault_5, hangedman_decor_slide_cut,
          uniq_josephine, uniq_azrael, uniq_jorgrun, uniq_louise
Temple:   corrupted_temple
Lair:1:   layout_gridlike, uniq_erica

Skill      XL: |  1  2  3  4  5  6  7  8  9 10 11 12 13 14 |
---------------+-------------------------------------------+-----
Fighting       | 4 5 6 7 9 10 12 13 15 | 15.2
Axes           | 4 6 7 8 10 11 12 15 18 | 18.2
Dodging        | 3 4 5 6 7 8 9 |  9.2
Armour         | 3 5 6 7 8 9 10 | 10.0
Stealth        | 1 2 3 |  3.0
Maces & Flails | 5 9 11 | 11.1
Throwing       | |  0.5
Evocations     | |  0.2

Action                     |  1- 3 |  4- 6 |  7- 9 | 10-12 | 13-15 || total
---------------------------+-------+-------+-------+-------+-------++-------
  Melee: Hand axe          |    99 |   111 |       |       |       ||   210
         Headbutt          |    18 |    34 |    47 |    87 |    45 ||   231
         Punch             |     3 |       |     4 |     3 |       ||    10
         War axe           |       |     5 |   224 |       |       ||   229
         Flail             |       |       |    71 |   196 |       ||   267
         Battleaxe         |       |       |       |   210 |   180 ||   390
  Throw: Boomerang         |       |       |     8 |       |       ||     8
 Invoke: Berserk           |     1 |     2 |     2 |     9 |     5 ||    19
         Trog's Hand       |       |       |     1 |       |       ||     1
  Evoke: Box of beasts     |       |       |       |     1 |     1 ||     2
    Use: Potion            |       |       |     6 |    15 |     7 ||    28
         Scroll            |       |       |       |    13 |     3 ||    16
   Stab: Distracted        |       |       |       |     1 |       ||     1
 Armour: Animal skin       |    14 |       |       |       |       ||    14
         Ring mail         |    12 |    51 |   126 |   211 |    59 ||   459
  Dodge: Dodged            |    45 |    75 |   204 |   459 |   105 ||   888
